 Dungeon Crawl Stone Soup version 0.22-a0-799-g88f5e90 (webtiles) character file.

692 Gaball the Conjurer (level 7, -6/52 HPs)
             Began as a Human Conjurer on July 21, 2018.
             Was an Initiate of Sif Muna.
             Mangled by an orc warrior
             ... wielding a +3 war axe of electrocution
              (25 damage)
             ... on level 5 of the Dungeon.
             The game lasted 00:48:51 (7012 turns).

Gaball the Conjurer (Human Conjurer)                Turns: 7012, Time: 00:48:52

Health: -6/52      AC:  6    Str: 12    XL:     7   Next: 95%
Magic:  8/14       EV: 12    Int: 17    God:    Sif Muna [......]
Gold:   168        SH:  0    Dex: 13    Spells: 0/16 levels left

rFire    . . .     SeeInvis .   x - +5 scythe "Finisher" {speed, Str+3}
rCold    + + .     Gourm    .   (shield currently unavailable)
rNeg     . . .     Faith    .   w - +2 robe {rC+}
rPois    .         Spirit   .   (no helmet)
rElec    .         Reflect  .   l - +0 cloak
rCorr    .         Harm     .   g - +0 pair of gloves
MR       .....                  (no boots)
Stlth    ++........             (no amulet)
HPRegen  0.17/turn              s - ring of protection from cold
MPRegen  0.14/turn              (no ring)

@: very slightly contaminated
A: no striking features
a: Renounce Religion


You were on level 5 of the Dungeon.
You worshipped Sif Muna.
Sif Muna was noncommittal.
You were not hungry.

You visited 1 branch of the dungeon, and saw 6 of its levels.

You collected 288 gold pieces.
You spent 120 gold pieces at shops.

Inventory:

Hand Weapons
 b - a +0 club
 x - the +5 scythe "Finisher" (weapon) {speed, Str+3}
   (You found it on level 5 of the Dungeon)

   Attacks with this weapon are significantly faster.
   It affects your strength (+3).
Armour
 a - a +0 robe
 g - a +0 pair of gloves (worn)
 l - a +0 cloak (worn)
 w - a +2 robe of cold resistance (worn)
Jewellery
 s - a ring of protection from cold (left hand)
Wands
 n - a wand of enslavement (13)
Scrolls
 e - a scroll of enchant weapon {unknown}
 h - a scroll of noise
 j - 2 scrolls of fog {unknown}
 k - a scroll of remove curse {unknown}
 p - a scroll of teleportation {unknown}
 q - a scroll of random uselessness {unknown}
 u - a scroll of amnesia {unknown}
Potions
 d - 4 potions of might
 f - 2 potions of heal wounds
 i - a potion of lignification
 m - 3 potions of curing
 o - a potion of flight {unknown}
 r - a potion of agility
 t - a potion of brilliance {unknown}
Miscellaneous
 y - a box of beasts
Comestibles
 c - 8 rations


   Skills:
 + Level 3.3 Fighting
 - Level 2.0 Dodging
 - Level 2.0 Stealth
 * Level 5.0 Spellcasting
 * Level 6.5 Conjurations


You couldn't memorise any spells.
You knew the following spells:

 Your Spells              Type           Power        Failure   Level  Hunger
a - Magic Dart            Conj           ####         1%          1    None
b - Searing Ray           Conj           ####..       1%          2    #......
c - Dazzling Spray        Conj/Hex       ###...       11%         3    ###....
d - Conjure Flame         Conj/Fire      ###.....     11%         3    ###....
e - Mephitic Cloud        Conj/Pois/Air  ##......     17%         3    ###....
f - Iskenderun's Mystic   Conj           ####....     10%         4    ####...

Your spell library contained the following spells:

 Spells                   Type           Power        Failure   Level  Hunger
 Freezing Cloud           Conj/Ice/Air   ##........   100%        6    #######
 Ring of Flames           Chrm/Fire      #.........   100%        7    #######
 Fulminant Prism          Conj/Hex       ###.......   36%         4    ####...
 Force Lance              Conj/Tloc      ###.....     36%         4    ####...
 Poisonous Vapours        Pois/Air       #.....       22%         2    #......


Dungeon Overview and Level Annotations

Branches:
Dungeon (6/15)
 Temple: D:4-7

Altars:
Dithmenos
Makhleb
Qazlal
Sif Muna
Wu Jian
Yredelemnul

Shops:
D:4 !

Annotations:
D:4 Duvessa
D:5 2 runed doors


Message History

The orc warrior is lightly wounded.
The orc warrior is dazzled.
The orc warrior hits you with a war axe of electrocution!
You hit the orc warrior but do no damage.
The orc warrior is lightly wounded.
The orc warrior barely misses you.
The orc warrior hits you with a war axe of electrocution!
* * * LOW HITPOINT WARNING * * *
Casting: Dazzling Spray (safe; 11% risk of failure)
Confirm with . or Enter, or press ? or * to list all spells.
Aiming: Mephitic Cloud (safe; 17% risk of failure)
Press: ? - help, Shift-Dir - straight line, f/p - orc warrior
Aim: an orc warrior, wielding a war axe of electrocution and wearing a plate armour (lightly wounded, blind)
You miscast Mephitic Cloud.
You are very lightly contaminated with residual magic.
Nothing appears to happen.
The orc warrior is no longer blind.
All of the chunks of flesh in your inventory have rotted away.
The orc warrior hits you with a war axe of electrocution!!
You die...

............#....................
............#....................
............#....................
............#....................
............#................####
.............................#
.............#...##..........#
.........###.....##..........####
................@o...............
.........####+###.#...#....######
######.........##+#...#....##
.....#......................#
.....#......................#
.....#....######............#
...###...##....##...........#
.........#.####.#........####
.........##.#...#..........#


You could see an orc warrior.

Vanquished Creatures
  A sky beast (D:5)
  Blork the orc (D:4)
  A howler monkey (D:5)
  3 crimson imps (D:5)
  3 hounds
  2 iguanas
  A hound zombie (D:5)
  A gnoll (D:1)
  12 adders
  2 oozes
  An adder zombie (D:5)
  A worm (D:3)
  4 dart slugs
  3 leopard geckos
  6 orcs
  8 bats
  2 giant cockroaches (D:5)
  5 goblins
  3 hobgoblins
  8 jackals
  8 kobolds
  3 quokkas
  2 ball pythons (D:3)
  11 frilled lizards
  A jackal skeleton (D:3)
  8 rats
101 creatures vanquished.

Notes
Turn   | Place    | Note
-------+----------+-------------------------------------------
     0 | D:1      | Gaball the Human Conjurer began the quest for the Orb.
     0 | D:1      | Reached XP level 1. HP: 13/13 MP: 3/3
   570 | D:2      | Reached XP level 2. HP: 20/20 MP: 0/5
  1614 | D:2      | Reached skill level 1 in Fighting
  1614 | D:2      | Reached XP level 3. HP: 18/26 MP: 0/6
  1844 | D:1      | Learned a level 2 spell: Searing Ray
  2263 | D:1      | Reached XP level 4. HP: 32/32 MP: 4/8
  3138 | D:3      | Learned a level 3 spell: Dazzling Spray
  3292 | D:3      | Reached XP level 5. HP: 28/38 MP: 0/9
  3864 | D:3      | Reached skill level 5 in Conjurations
  4340 | D:3      | Reached XP level 6. HP: 44/44 MP: 4/11
  4886 | D:4      | Noticed an air elemental
  4887 | D:4      | Found a stormy altar of Qazlal.
  4888 | D:4      | Noticed a fire elemental
  4889 | D:4      | Noticed a water elemental
  4945 | D:4      | Found Ekhluc's Distillery.
  4955 | D:4      | Bought a potion of agility for 40 gold pieces
  4955 | D:4      | Bought a potion of curing for 30 gold pieces
  4955 | D:4      | Bought a potion of heal wounds for 50 gold pieces
  4971 | D:4      | Noticed Blork the orc
  4988 | D:4      | Killed Blork the orc
  5159 | D:4      | Noticed Duvessa
  5296 | D:5      | Entered Level 5 of the Dungeon
  5381 | D:5      | Found a stormy altar of Qazlal.
  5384 | D:5      | Found a large runed door.
  5389 | D:5      | Found a large runed door.
  5401 | D:5      | Reached XP level 7. HP: 47/51 MP: 6/13
  5669 | D:5      | Found a large runed door.
  5669 | D:5      | Found a large runed door.
  5679 | D:5      | Learned a level 3 spell: Conjure Flame
  5683 | D:5      | Learned a level 3 spell: Mephitic Cloud
  5697 | D:5      | Found a shadowy altar of Dithmenos.
  5718 | D:5      | Reached skill level 6 in Conjurations
  6418 | D:5      | Found an ornate altar of the Wu Jian Council.
  6447 | D:5      | Found a burning altar of Makhleb.
  6449 | D:5      | Found a basalt altar of Yredelemnul.
  6538 | D:5      | Found a deep blue altar of Sif Muna.
  6543 | D:5      | Became a worshipper of Sif Muna the Loreminder
  6633 | D:5      | Reached skill level 5 in Spellcasting
  6775 | D:5      | Learned a level 4 spell: Iskenderun's Mystic Blast
  6776 | D:5      | Found the +5 scythe "Finisher" {speed, Str+3}
  7012 | D:5      | Mangled by an orc warrior

Vault maps used:
D:1:      sevenhm_arrival_forest_fort_small_3, minmay_misc_feat_tiny,
          minivault_27, minmay_lizard_pond
D:4:      serial_shops, nicolae_shop_stone, nicolae_qazlal_style_of_elements,
          uniq_duvessa, uniq_blork_the_orc
D:5:      lemuel_doored_altar, nicolae_overflow_hidden_temple, minitemple,
          basic_altar, first_ration, minmay_hollow_rounded_squares
D:6:      minivault_22

Skill      XL: |  1  2  3  4  5  6  7 |
---------------+----------------------+-----
Fighting       | 1 2 3 |  3.3
Spellcasting   | 3 4 5 |  5.0
Conjurations   | 5 6 |  6.5
Dodging        | |  2.0
Stealth        | |  2.0

Action                   |  1- 3 |  4- 6 |  7- 9 || total
-------------------------+-------+-------+-------++-------
Melee: Unarmed           |    19 |       |       ||    19
       Club              |    16 |    37 |    35 ||    88
       Scythe            |       |       |     1 ||     1
 Cast: Magic Dart        |    56 |   132 |    55 ||   243
       Searing Ray       |     2 |     5 |     6 ||    13
       Dazzling Spray    |       |     8 |     6 ||    14
  Use: Scroll            |       |     5 |       ||     5
 Stab: Sleeping          |     1 |       |       ||     1
       Invisible         |       |       |     4 ||     4
  Eat: Chunk             |     5 |    10 |     3 ||    18
       Ration            |       |       |     1 ||     1
Armor: Robe              |    13 |    23 |    15 ||    51
Dodge: Dodged            |    62 |    55 |    38 ||   155

Table legend:
 A = Spawn XP
 B = Non-spawn XP
 C = Spawn XP percentage of total XP
 D = Spawn monster count
 E = Non-spawn monster count
 F = Spawn count percentage of total count
 G = Total turns spent on level
                    A         B        C        D         E        F      G
               +---------+---------+-------+---------+---------+-------+---------
         Total |       0 |     989 |   0.0 |       0 |     101 |   0.0 |  7012
               +---------+---------+-------+---------+---------+-------+---------
           D:1 |       0 |      42 |   0.0 |       0 |      21 |   0.0 |  1268
           D:2 |       0 |      82 |   0.0 |       0 |      23 |   0.0 |  1841
           D:3 |       0 |     158 |   0.0 |       0 |      31 |   0.0 |  1414
           D:4 |       0 |     174 |   0.0 |       0 |       5 |   0.0 |   773
           D:5 |       0 |     533 |   0.0 |       0 |      21 |   0.0 |  1712
               +---------+---------+-------+---------+---------+-------+---------
